 Dungeon Crawl Stone Soup version 0.28.0-53-g5a82cb258f (webtiles) character file.

Game seed: 16996052134169844610

2933 jjjjhere the Covert (level 10, -7/88 HPs)
             Began as a Kobold Enchanter on Nov 1, 2022.
             Was a Priest of Okawaru.
             Mangled by Joseph
             ... wielding a +2 quarterstaff of speed
              (15 damage)
             ... on level 7 of the Dungeon.
             The game lasted 00:12:10 (8325 turns).

jjjjhere the Covert (Kobold Enchanter)              Turns: 8325, Time: 00:12:10

Health: -7/88      AC:  6    Str:  5    XL:     10   Next: 7%
Magic:  10/14      EV: 18    Int: 18    God:    Okawaru [***...]
Gold:   250        SH:  0    Dex: 19    Spells: 9/14 levels left

rFire   + . .      SeeInvis .   k - +0 dagger (venom)
rCold   . . .      Faith    .   (no shield)
rNeg    . . .      Spirit   .   m - +2 leather armour {rF+}
rPois   .          Reflect  .   (no helmet)
rElec   .          Harm     .   (no cloak)
rCorr   .          Rampage  .   (no gloves)
Will    .....                   e - +0 pair of boots
Stlth   ..........              (no amulet)
HPRegen 0.24/turn               t - ring of wizardry
MPRegen 0.14/turn               (no ring)

@: berserking, about to teleport, very quick
A: small, no large weapons, nightstalker 3
a: Renounce Religion, Heroism


You were on level 7 of the Dungeon.
You worshipped Okawaru.
Okawaru was most pleased with you.
You visited 2 branches of the dungeon, and saw 8 of its levels.

You collected 308 gold pieces.
You spent 58 gold pieces at shops.

Inventory:

Hand Weapons
 a - a +1 dagger
 k - a +0 dagger of venom (weapon)
Missiles
 i - 4 boomerangs
 l - 6 datura-tipped darts (quivered)
 s - 17 poisoned darts
 w - 3 throwing nets
Armour
 b - a +0 robe
 e - a +0 pair of boots (worn)
 m - a +2 leather armour of fire resistance (worn)
Jewellery
 t - a ring of wizardry (left hand)
Wands
 p - a wand of iceblast (9)
Scrolls
 d - a scroll of holy word {unknown}
 f - 2 scrolls of blinking {unknown}
 g - 4 scrolls of teleportation
 q - a scroll of amnesia {unknown}
 u - a scroll of enchant armour
 v - a scroll of brand weapon {unknown}
Potions
 c - a potion of invisibility
 h - a potion of degeneration
 j - 2 potions of attraction
 n - a potion of curing
 o - 2 potions of flight


   Skills:
 + Level 5.2 Fighting
 - Level 7.1 Short Blades
 + Level 7.3 Dodging
 + Level 11.6 Stealth
 - Level 2.7 Spellcasting
 - Level 5.3 Hexes
 - Level 2.1 Invocations


You had 9 spell levels left.
You knew the following spells:

 Your Spells              Type           Power      Damage    Failure   Level
a - Ensorcelled Hibernat  Hex/Ice        24%        N/A       6%          2
b - Confusing Touch       Hex            21%        N/A       4%          3

Your spell library contained the following spells:

 Spells                   Type           Power      Damage    Failure   Level
 Pain                     Necr           8%         1d4       12%         1
 Dazzling Flash           Conj/Hex       24%        N/A       12%         3
 Inner Flame              Hex/Fire       12%        N/A       12%         3
 Cause Fear               Hex            10%        N/A       12%         4
 Vampiric Draining        Necr           2%         2d6       32%         3
 Blade Hands              Tmut           1%         N/A       95%         5
 Irradiate                Conj/Tmut      1%         3d14      95%         5
 Dragon Form              Tmut           1%         N/A       100%        7
 Discord                  Hex            10%        N/A       100%        8
 Tukima's Dance           Hex            Unusable   N/A       N/A         3
 Animate Skeleton         Necr           Unusable   N/A       N/A         1

Dungeon Overview and Level Annotations

Branches:
Dungeon (7/15)             Temple (1/1) D:4

Altars:
Ashenzari
Dithmenos
Elyvilon
Fedhas
Okawaru
Qazlal
Ru
Uskayaw
Wu Jian
Xom
Yredelemnul
Zin
The Shining One

Shops:
D:4 [

Annotations:
D:4 Grinder
D:7 Joseph


Innate Abilities, Weirdness & Mutations

You are small and have problems with some larger weapons.
You are completely attuned to the shadows.


Message History

You skewer the black bear like a kebab!!!!
You kill the black bear!
Okawaru accepts your kill.
Magic restored.
Key pressed, stopping explore.
Found a stone staircase leading down.
Found a stone staircase leading down.
There is a stone staircase leading down here.
Joseph, a Mercenary comes into view.
He is wielding a +2 quarterstaff of speed.
Joseph is nearby!
Joseph shouts!
You hear an angry hiss.
Joseph misses you.
You closely miss Joseph.
Joseph hits you with a +2 quarterstaff of speed!
An iguana comes into view.
Casting: Ensorcelled Hibernation (safe; 6% risk of failure)
Confirm with . or Enter, or press ? or * to list all spells.
Aiming: Ensorcelled Hibernation (safe; 6% risk of failure)
Press: ? - help, Shift-Dir - straight line, f - Joseph
Aim: Joseph, wielding a +2 quarterstaff of speed, wearing a +0 leather armour and quivering sling bullets (chance to affect: 28%) Joseph easily resists.
Joseph hits you with a +2 quarterstaff of speed!
Joseph hits you with a +2 quarterstaff of speed.
Casting: Ensorcelled Hibernation (safe; 6% risk of failure)
Confirm with . or Enter, or press ? or * to list all spells.
Aiming: Ensorcelled Hibernation (safe; 6% risk of failure)
Press: ? - help, Shift-Dir - straight line, f/p - Joseph
Aim: Joseph, wielding a +2 quarterstaff of speed, wearing a +0 leather armour and quivering sling bullets (chance to affect: 28%) Joseph easily resists.
Joseph hits you with a +2 quarterstaff of speed!!
* * * LOW HITPOINT WARNING * * *
As you read the scroll of teleportation, it crumbles to dust.
You feel strangely unstable.
Joseph shouts, "At last, some action!"
Joseph hits you with a +2 quarterstaff of speed!
* * * LOW HITPOINT WARNING * * *
A red film seems to cover your vision as you go berserk!
You feel yourself moving faster!
You feel mighty!
Joseph hits you with a +2 quarterstaff of speed!
You die...

#.##...............#
#..................#
#.##...............#
###.#######...#..>#.##
....# #...#...>...
#.### . #...#.## #.#
...#.##.# #.# ...#.##
. #.# ...l@.# ..#
.#.#.@# ### #.#.... .
.#.##. . .#


You could see Joseph and an iguana.

Vanquished Creatures
  Harold (D:7)
  Prince Ribbit (D:5)
  A wraith (D:6)
  A steam dragon (D:6)
  A water moccasin (D:7)
  4 sky beasts
  A black bear (D:7)
  An ogre (D:5)
  2 centaurs
  A kobold brigand (D:7)
  Blork the orc (D:4)
  3 water moccasin skeletons
  6 wights
  A crimson imp (D:4)
  A jelly (D:7)
  A centaur zombie (D:7)
  2 hounds (D:6)
  A gnoll shaman (D:6)
  2 orc priests
  A bullfrog skeleton (D:5)
  Terence (D:2)
  2 iguanas
  A hound skeleton (D:4)
  A gnoll (D:6)
  9 adders
  A white imp (D:6)
  A dart slug (D:3)
  4 orcs
  10 endoplasms
  A giant cockroach (D:2)
  9 goblins
  6 hobgoblins
  2 jackals (D:2)
  15 kobolds
  2 quokkas
  4 ball pythons
  7 bats
  8 frilled lizards
  A hobgoblin zombie (D:4)
  A kobold skeleton (D:4)
  2 kobold zombies (D:4)
  2 orc skeletons (D:4)
  An orc zombie (D:4)
  4 rats
128 creatures vanquished.

Vanquished Creatures (others)
  An orc wizard (D:6)
  2 orcs (D:6)
  A plant (D:4)
4 creatures vanquished.

Grand Total: 132 creatures vanquished

Notes
Turn   | Place    | Note
-------+----------+-------------------------------------------
     0 | D:1      | jjjjhere the Kobold Enchanter began the quest for the Orb.
     0 | D:1      | Reached XP level 1. HP: 10/10 MP: 3/3
    60 | D:1      | Reached XP level 2. HP: 15/15 MP: 5/5
    65 | D:1      | Learned a level 2 spell: Ensorcelled Hibernation
   654 | D:1      | Reached XP level 3. HP: 16/19 MP: 2/6
   697 | D:1      | Learned a level 3 spell: Confusing Touch
  1371 | D:2      | Noticed Terence
  1412 | D:2      | Killed Terence
  1413 | D:2      | Reached skill level 5 in Stealth
  1413 | D:2      | Reached XP level 4. HP: 18/24 MP: 4/8
  2639 | D:3      | Reached XP level 5. HP: 18/28 MP: 2/9
  3470 | D:3      | Reached skill level 6 in Stealth
  3924 | D:4      | Reached XP level 6. HP: 21/32 MP: 6/10
  4045 | D:4      | Noticed Blork the orc
  4051 | D:4      | Killed Blork the orc
  4193 | D:4      | Identified the +4 leather armour "Xohun" {Str+3 Dex+7}
  4245 | D:4      | Found Luicopp's Armour Boutique.
  4259 | D:4      | Bought a +0 pair of boots for 58 gold pieces
  4302 | D:4      | Reached skill level 5 in Short Blades
  4302 | D:4      | Reached XP level 7. HP: 36/36 MP: 11/11
  4320 | D:4      | Found a staircase to the Ecumenical Temple.
  4326 | Temple   | Entered the Ecumenical Temple
  4524 | Temple   | Became a worshipper of Warmaster Okawaru
  4753 | D:4      | Found a glowing golden altar of the Shining One.
  4753 | D:4      | Noticed Grinder
  4774 | D:4      | Reached skill level 7 in Stealth
  5046 | D:5      | Entered Level 5 of the Dungeon
  5425 | D:5      | Found an ornate altar of the Wu Jian Council.
  5688 | D:5      | Noticed Prince Ribbit
  5698 | D:5      | Killed Prince Ribbit
  5698 | D:5      | Reached * piety under Okawaru
  5699 | D:5      | Reached skill level 8 in Stealth
  5699 | D:5      | Reached skill level 5 in Hexes
  5699 | D:5      | Reached XP level 8. HP: 16/41 MP: 6/12
  5702 | D:5      | HP: 13/41 [water moccasin skeleton (4)]
  6472 | D:6      | Reached ** piety under Okawaru
  6629 | D:6      | Reached skill level 1 in Fighting
  6662 | D:6      | Reached skill level 9 in Stealth
  6881 | D:6      | Noticed a wraith
  7026 | D:6      | Reached skill level 1 in Invocations
  7026 | D:6      | Reached XP level 9. HP: 48/48 MP: 13/13
  7126 | D:6      | Reached skill level 5 in Dodging
  7267 | D:6      | Reached skill level 10 in Stealth
  7396 | D:6      | Found a glowing silver altar of Zin.
  7623 | D:6      | Found a blossoming altar of Fedhas.
  7768 | D:7      | Noticed Harold
  7773 | D:7      | Killed Harold
  7773 | D:7      | Reached *** piety under Okawaru
  7774 | D:7      | Reached skill level 11 in Stealth
  8203 | D:7      | Reached XP level 10. HP: 57/58 MP: 14/14
  8246 | D:7      | Reached skill level 5 in Fighting
  8317 | D:7      | Noticed Joseph
  8323 | D:7      | HP: 16/59 [Joseph/+2 quarterstaff of speed (18)]
  8324 | D:7      | HP: 5/59 [Joseph/+2 quarterstaff of speed (11)]
  8325 | D:7      | Mangled by Joseph

Illustrated notes

Levels and vault maps discovered:
D:1:      erik_arrival_cave_to_civilisation [erik_arrival_cave_to_temple],
          layout_loops_ring, chequers_serial_rivers_micro_e
D:2:      layout_basic, uniq_terence
D:3:      layout_loops_ring, kennysheep_generic_room_15
D:4:      layout_gridville, nicolae_tso_besieged_by_evil,
          minmay_temple_entry_gardened_gates, serial_shops,
          kennysheep_mini_moat, uniq_grinder, uniq_blork_the_orc
D:5:      layout_gridville, amcnicky_altar_gilded, uniq_prince_ribbit1
D:6:      layout_rooms, nicolae_overflow_hidden_temple,
          overflow_temple_1_default, lemuel_flame_loot_1
D:7:      layout_loops_cross, minitemple, uniq_crazy_yiuf_cottage, uniq_harold,
          uniq_joseph
Temple:   jpeg_temple_island

Skill      XL: |  1  2  3  4  5  6  7  8  9 10 |
---------------+-------------------------------+-----
Short Blades   | 2 3 4 5 6 7 |  7.1
Stealth        | 5 6 8 9 11 | 11.6
Hexes          | 4 5 |  5.3
Dodging        | 4 7 |  7.3
Fighting       | 2 4 5 |  5.2
Invocations    | 1 2 |  2.1
Spellcasting   | |  2.7

Action                   |  1- 3 |  4- 6 |  7- 9 | 10-12 || total
-------------------------+-------+-------+-------+-------++-------
Melee: Dagger            |    62 |    92 |   214 |     3 ||   371
       Punch             |       |     1 |     2 |       ||     3
 Cast: Ensorcelled Hiber |    11 |    10 |    31 |     3 ||    55
       Confusing Touch   |       |     1 |    12 |       ||    13
  Use: Scroll            |       |     6 |     1 |     1 ||     8
       Potion            |       |       |       |     1 ||     1
 Stab: Sleeping          |    23 |    27 |    25 |     2 ||    77
       Confused          |       |     1 |    11 |       ||    12
       Distracted        |       |       |     2 |       ||     2
Armor: Robe              |    10 |     1 |       |       ||    11
       Leather armour    |       |    17 |    34 |       ||    51
Dodge: Dodged            |    54 |    37 |   118 |     4 ||   213
